 Dungeon Crawl Stone Soup version 0.30-a0-358-g0d69a1922f (webtiles) character file.

Game seed: 3852437539891649525

329 IdlyInterested the Charlatan (level 6, -4/47 HPs)
             Began as a Demonspawn Wanderer on Nov 9, 2022.
             Slain by a gnoll sergeant
             ... wielding a +0 trident
              (8 damage)
             ... on level 5 of the Dungeon.
             The game lasted 00:12:34 (4065 turns).

IdlyInterested the Charlatan (Demonspawn Wanderer)  Turns: 4065, Time: 00:12:35

Health: -4/47      AC:  2    Str: 15    XL:     6   Next: 25%
Magic:  8/8        EV:  9    Int: 14    God:
Gold:   255        SH:  4    Dex: 11    Spells: 8/8 levels left

rFire   . . .      SeeInvis .    s - +2 dagger (venom)
rCold   . . .      Faith    .    (no shield)
rNeg    + . .      Spirit   .    l - +0 scale mail
rPois   .          Reflect  .    (no helmet)
rElec   .          Harm     .    (no cloak)
rCorr   .          Rampage  .    (no gloves)
Will    .....                    (no boots)
Stlth   +.........               a - amulet of the acrobat
HPRegen 0.27/turn                t - ring of positive energy
MPRegen 0.11/turn                (no ring)

@: corroded
A: large bone plates 1, demonic guardian 1, demonic magic 1, weakness stinger 1
a: no special abilities


You were on level 5 of the Dungeon.
You visited 1 branch of the dungeon, and saw 5 of its levels.

You collected 255 gold pieces.

Inventory:

Hand Weapons
 f - a +1 vorpal hand axe
 j - a +0 short sword
 m - a +0 whip of pain
 s - a +2 dagger of venom (weapon)
Missiles
 g - 32 stones (quivered)
Armour
 c - a +0 leather armour
 l - a +0 scale mail (worn)
 u - a +0 robe
Jewellery
 a - an amulet of the acrobat (around neck)
 t - a ring of positive energy (left hand)
Scrolls
 e - a scroll of torment {unknown}
 h - 2 scrolls of teleportation
 k - 2 scrolls of identify
Potions
 b - 4 potions of lignification
 i - a potion of resistance
 n - 3 potions of curing
Miscellaneous
 d - a piece from Xom's chessboard (15/15)


   Skills:
 - Level 3.0 Fighting
 * Level 2.6 Short Blades
 - Level 2.0 Armour
 - Level 2.0 Dodging
 * Level 2.8 Stealth
 * Level 1.8 Spellcasting
 - Level 1.0 Summonings
 - Level 1.7 Transmutations
 - Level 3.0 Evocations


You had 8 spell levels left.
You didn't know any spells.
Your spell library contained the following spells:

 Spells                   Type           Power      Damage    Failure   Level
 Sting                    Tmut/Pois      12%        1d3       54%         1
 Summon Small Mammal      Summ           16%        N/A       54%         1
 Sublimation of Blood     Necr           1%         N/A       82%         2
 Spider Form              Tmut/Pois      3%         N/A       89%         3
 Ignite Poison            Fire/Tmut/Pois 2%         N/A       92%         3
 Summon Guardian Golem    Hex/Summ       2%         N/A       93%         3
 Petrify                  Tmut/Erth      3%         N/A       100%        4
 Irradiate                Conj/Tmut      1%         3d12      100%        5


Dungeon Overview and Level Annotations

Branches:
Dungeon (5/15)
 Temple: D:4-7

Altars:
Uskayaw

Annotations:
D:4 3 runed translucent doors, Encipher's ghost, amateur FoFi; hikkokomori's ghost, novice KoHs; oldriver's ghost, novice OgTm


Innate Abilities, Weirdness & Mutations

You are partially covered in large bone plates. (SH +4)
A weak demonic guardian rushes to your aid.
Spells you cast may paralyse adjacent enemies.
You have a small tail.


Message History

You throw a stone.
The stone hits the gnoll but does no damage.
A gnoll comes into view. It is wielding a +0 spear.
Throw: 35 stones
Press: ? - help, Q - select action, (/) - cycle Shift-Dir - straight line, f/p - gnoll
Aim: a gnoll, wielding a +0 mace and quivering a throwing net (60% to hit)
You throw a stone. The stone closely misses the gnoll.
The gnoll shouts!
Throw: 34 stones
Press: ? - help, Q - select action, (/) - cycle Shift-Dir - straight line, f/p - gnoll
Aim: a gnoll, wielding a +0 mace and quivering a throwing net (60% to hit)
You throw a stone.
The stone hits the gnoll but does no damage.
Throw: 33 stones
Press: ? - help, Q - select action, (/) - cycle Shift-Dir - straight line, f/p - gnoll
Aim: a gnoll, wielding a +0 mace and quivering a throwing net (60% to hit)
You throw a stone.
The stone hits the gnoll but does no damage.
A gnoll sergeant comes into view. It is wielding a +0 trident.
The gnoll hits you with a +0 mace.
* * * LOW HITPOINT WARNING * * *
The gnoll sergeant shouts!
The gnoll barely misses you.
The gnoll throws a throwing net.
The throwing net completely misses you.
You see here a throwing net.
You feel better. The gnoll sergeant barely misses you.
You barely miss the gnoll. You barely miss the gnoll.
Your tail-slap misses the gnoll.
You block the gnoll's attack. The gnoll sergeant misses you.
You barely miss the gnoll. You block the gnoll's attack.
The gnoll sergeant hits you from afar with a +0 trident.
The gnoll hits you from afar with a +0 spear.
* * * LOW HITPOINT WARNING * * *
You hit the gnoll but do no damage.
The gnoll is poisoned.
The gnoll barely misses you.
The gnoll hits you from afar with a +0 spear.
* * * LOW HITPOINT WARNING * * *
A demonic guardian appears!
The gnoll sergeant hits you from afar with a +0 trident!
You die...

###.#...<..5....####.#
....##.#.####........
##..##.#.# #.#####.#
######..##.#.####.#
................#.#
.........†g.......#
...###.g##.#.##.###
...#.####..##g#.##.#
.........5.@g.#.##.#
......####.####.##.#
##$#. #.. ..##.# # .##
####.# #. #.# #. #.# #


You could see a gnoll sergeant (ally target), 2 gnolls and a friendly shadow imp
(summoned).

Vanquished Creatures
  A phantom (D:5)
  3 hounds (D:4)
  A jelly (D:5)
  6 adders
  6 ball pythons
  6 bats
  2 endoplasms
  A giant cockroach (D:3)
  6 goblins
  5 hobgoblins
  3 quokkas
  6 frilled lizards
  7 kobolds
  27 rats
80 creatures vanquished.

Vanquished Creatures (collateral kills)
  An adder (D:3)
  An orc (D:3)
  An endoplasm (D:3)
3 creatures vanquished.

Grand Total: 83 creatures vanquished

Notes
Turn   | Place    | Note
-------+----------+-------------------------------------------
     0 | D:1      | IdlyInterested the Demonspawn Wanderer began the quest for
                  | the Orb.
     0 | D:1      | IdlyInterested set off with the following items: a +0 club,
                  | a potion of lignification, a +0 robe, a piece from Xom's
                  | chessboard (15/15); and the following spells available to
                  | memorise: Summon Small Mammal, Sting, Spider Form, Ignite
                  | Poison, Summon Guardian Golem.
     0 | D:1      | Reached XP level 1. HP: 13/13 MP: 2/2
   145 | D:1      | Reached skill level 1 in Fighting
   276 | D:1      | Gained mutation: You are partially covered in large bone
                  | plates. (SH +4) [demonic ancestry]
   276 | D:1      | Reached XP level 2. HP: 19/21 MP: 3/3
   902 | D:2      | Gained mutation: A weak demonic guardian rushes to your
                  | aid. [demonic ancestry]
   902 | D:2      | Reached XP level 3. HP: 22/27 MP: 4/4
   922 | D:2      | You fall into a shaft and drop 2 floors!
   948 | D:3      | HP: 2/42 [poisoned by an adder]
  1237 | D:3      | Found a hide-covered altar of Uskayaw.
  1670 | D:2      | Gained mutation: Spells you cast may paralyse adjacent
                  | enemies. [demonic ancestry]
  1670 | D:2      | Reached XP level 4. HP: 34/34 MP: 5/5
  3296 | D:4      | Gained mutation: You have a small tail. [demonic ancestry]
  3296 | D:4      | Reached XP level 5. HP: 39/41 MP: 6/6
  3312 | D:4      | Found a runed translucent gate.
  3313 | D:4      | Found a runed translucent gate.
  3314 | D:4      | Found a runed translucent gate.
  3318 | D:4      | Noticed Encipher's ghost (amateur FoFi)
  3318 | D:4      | Noticed hikkokomori's ghost (novice KoHs)
  3318 | D:4      | Noticed oldriver's ghost (novice OgTm)
  3340 | D:4      | Reached skill level 1 in Short Blades
  3945 | D:5      | Entered Level 5 of the Dungeon
  3994 | D:5      | Noticed a phantom
  4021 | D:5      | Killed a phantom
  4022 | D:5      | Reached XP level 6. HP: 27/47 MP: 8/8
  4065 | D:5      | Slain by a gnoll sergeant

Illustrated notes

Levels and vault maps discovered:
D:1:      minmay_arrival_wavy_path, layout_basic, minivault_27
D:2:      layout_loops_ring, minmay_rat_hole
D:3:      layout_basic, eat_drink_and_be_merry_uskayaw,
          amcnicky_mini_corridor_feature
D:4:      layout_basic, gammafunk_ghost_cemetery
D:5:      layout_loops_ring, xom_teletrap_fun,
          mainiacjoe_overflow_surrounded_room

Skill      XL: |  1  2  3  4  5 |
---------------+----------------+-----
Fighting       | 1 2 3 |  3.0
Dodging        | 2 |  2.0
Stealth        | 2 |  2.8
Short Blades   | 2 |  2.6
Armour         | 2 |  2.0
Spellcasting   | |  1.8
Summonings     | |  1.0
Transmutations | |  1.7
Evocations     | |  3.0

Action                   |  1- 3 |  4- 6 || total
-------------------------+-------+-------++-------
Melee: Hand axe          |   107 |    40 ||   147
       Club              |     3 |       ||     3
       Punch             |     2 |     1 ||     3
       Dagger            |       |    92 ||    92
       Tailslap          |       |     9 ||     9
Throw: Stone             |     1 |    10 ||    11
Evoke: Piece from Xom's  |     2 |       ||     2
  Use: Scroll            |     2 |     6 ||     8
       Potion            |     1 |     1 ||     2
 Stab: Sleeping          |     3 |       ||     3
Armor: Robe              |    10 |       ||    10
       Skin              |    18 |       ||    18
       Scale mail        |    10 |    42 ||    52
Dodge: Dodged            |    62 |    57 ||   119
Block: Other             |    14 |    20 ||    34

Table legend: (Time is in decaauts)
 A = Elapsed time spent in this place.
 B = Non-inter-level travel time spent in this place.
 C = Inter-level travel time spent in this place.
 D = Time resting spent in this place.
 E = Time spent auto-exploring this place.
 F = Levels seen in this place.
 G = Mean time per level.
                   A        B        C        D        E       F      G
               +--------+--------+--------+--------+--------+-----+--------+
         Total |   4105 |   3780 |    325 |    458 |   2469 |   5 |  821.0 |
       Dungeon |   4105 |   3780 |    325 |    458 |   2469 |   5 |  821.0 |
               +--------+--------+--------+--------+--------+-----+--------+

Top non-repeatable levels by time:
     D:3: 1267 daAuts
     D:4: 1146 daAuts
     D:1: 876 daAuts
     D:2: 744 daAuts
     D:5: 70 daAuts
